 Dungeon Crawl Stone Soup version 0.30.0-19-g36f170ea60 (webtiles) character file.

Game seed: 13628874218641051547

6162 Graphine the Nimble (level 10, -6/94 HPs)
             Began as a Merfolk Monk on May 29, 2023.
             Was an Initiate of Ashenzari.
             Mangled by a 14-headed hydra (12 damage)
             ... on level 8 of the Dungeon.
             The game lasted 00:36:04 (8038 turns).

Graphine the Nimble (Merfolk Monk)                  Turns: 8038, Time: 00:36:07

Health: -6/94      AC: 11    Str: 11    XL:     10   Next: 90%
Magic:  12/12      EV: 23    Int: 17    God:    Ashenzari [......]
Gold:   292        SH:  8    Dex: 26    Spells: 10/12 levels left

rFire   . . .        J - +3 long sword (freeze)
rCold   . . .        y - +3 buckler {AC+3}
rNeg    . . .        b - +1 robe
rPois   .            c - +2 hat
rElec   .            m - +0 cloak
rCorr   .            u - +0 pair of gloves
SInv    .            i - +0 pair of boots
Will    ++...        (no amulet)
Stlth   ++           B - ring "Muva" {Will++ Int+6}
HPRegen 1.15/turn    q - +6 ring of dexterity
MPRegen 0.13/turn

%: no passive effects
@: no status effects
A: (nimble swimmer 2), mertail, regeneration 1, robust 1
a: Renounce Religion, Curse Item


You were on level 8 of the Dungeon.
You worshipped Ashenzari.
Ashenzari was noncommittal.
You visited 1 branch of the dungeon, and saw 8 of its levels.
You also visited: Ossuary.

You collected 552 gold pieces.
You spent 260 gold pieces at shops.

Inventory:

Hand Weapons
 a - a +0 falchion of venom
 t - a +2 falchion of holy wrath
 I - a +3 great sword
 J - a +3 long sword of freezing (weapon)
Missiles
 v - 3 boomerangs of dispersal (quivered)
Armour
 b - a +1 robe (worn)
 c - a +2 hat (worn)
 d - an orb of light
 i - a +0 pair of boots (worn)
 m - a +0 cloak (worn)
 u - a +0 pair of gloves (worn)
 y - a +3 buckler of protection (worn)
 K - the +18 Lear's hauberk
   (You found it on level 7 of the Dungeon)
Magical Staves
 z - a staff of poison
Jewellery
 k - a ring of ice
 q - a +6 ring of dexterity (right hand)
 B - the ring "Muva" (left hand) {Will++ Int+6}
   (You found it on level 5 of the Dungeon)

   [ring of intelligence]

   Int:       It affects your intelligence (+6).
   Will:      It greatly increases your willpower.
Wands
 r - a wand of quicksilver (6)
 A - a wand of digging (5)
 C - a wand of mindburst (9)
Scrolls
 e - 2 scrolls of amnesia
 h - 2 scrolls of blinking
 w - 5 scrolls of teleportation
 D - 4 scrolls of fear
 F - a scroll of poison
Potions
 g - 3 potions of heal wounds
 j - 2 potions of cancellation
 l - a potion of resistance
 n - 3 potions of attraction
 p - 2 potions of brilliance
 s - 2 potions of degeneration
 x - a potion of haste
 E - 4 potions of curing
 G - 2 potions of lignification


   Skills:
 + Level 10.5 Fighting
 + Level 11.5 Long Blades
 + Level 12.4 Dodging
 + Level 1.8 Spellcasting
 + Level 2.6 Transmutations


You had 10 spell levels left.
You knew the following spells:

 Your Spells              Type           Power      Damage    Failure   Level
a - Wereblood             Tmut           10%        N/A       16%         2

Your spell library contained the following spells:

 Spells                   Type           Power      Damage    Failure   Level
 Beastly Appendage        Tmut           20%        N/A       10%         1
 Freeze                   Ice            4%         1d3       28%         1
 Kiss of Death            Conj/Necr      4%         2d5       28%         1
 Magic Dart               Conj           4%         1d3       28%         1
 Searing Ray              Conj           2%         2d4       41%         2
 Spider Form              Tmut/Pois      6%         N/A       45%         3
 Confusing Touch          Hex            1%         N/A       65%         3
 Frozen Ramparts          Ice            2%         1d1       65%         3
 Hailstorm                Conj/Ice       1%         3d3       65%         3
 Summon Guardian Golem    Hex/Summ       1%         N/A       65%         3
 Dispel Undead            Necr           1%         3d6       96%         4
 Fulminant Prism          Conj/Hex       0%         3d5       96%         4
 Orb of Destruction       Conj           0%         9d5       100%        7
 Spellforged Servitor     Conj/Summ      0%         N/A       100%        7


Dungeon Overview and Level Annotations

Branches:
Dungeon (8/15)             Temple (0/1) D:5         Ossuary (visited)
   Lair: D:8-11

Altars:
Ashenzari
Elyvilon
Fedhas
Makhleb
Nemelex Xobeh
Sif Muna
Xom

Shops:
D:4 *   D:5 [[*!


Innate Abilities, Weirdness & Mutations

((You are very nimble when in or above water. (Stealth+, EV+, Speed+++)))
Your lower body shifts to a powerful aquatic tail in water.
Your natural rate of healing is unusually fast.
You are robust. (+10% HP)


Message History

You block the 12-headed hydra's attack.
Hit: J) +3 long sword (freeze)
Press: ? - help, Dir - move target, f/p - 12-headed hydra
Aim: a 12-headed hydra (almost dead, about 14% to evade your +3 long sword of freezing)
You hack one of the 12-headed hydra's heads off!
The 11-headed hydra grows two more!
You slice the 13-headed hydra!! You freeze the 13-headed hydra.
The 13-headed hydra is almost dead.
The 13-headed hydra bites you but does no damage.
The 13-headed hydra barely misses you.
The 13-headed hydra completely misses you.
The 13-headed hydra misses you.
The 13-headed hydra completely misses you.
You block the 13-headed hydra's attack. The 13-headed hydra barely misses you.
The 13-headed hydra bites you but does no damage.
The 13-headed hydra misses you.
The 13-headed hydra completely misses you.
The 13-headed hydra bites you!
* * * LOW HITPOINT WARNING * * *
The 13-headed hydra completely misses you.
You block the 13-headed hydra's attack.
Hit: J) +3 long sword (freeze)
Press: ? - help, Dir - move target, f/p - 13-headed hydra
Aim: a 13-headed hydra (almost dead, about 14% to evade your +3 long sword of freezing)
You slice one of the 13-headed hydra's heads off!
The 12-headed hydra grows two more!
You slash the 14-headed hydra! You freeze the 14-headed hydra.
The 14-headed hydra is almost dead.
You block the 14-headed hydra's attack. The 14-headed hydra misses you.
The 14-headed hydra bites you but does no damage.
The 14-headed hydra misses you. The 14-headed hydra barely misses you.
The 14-headed hydra closely misses you.
The 14-headed hydra bites you but does no damage. x2
The 14-headed hydra completely misses you.
The 14-headed hydra bites you.
* * * LOW HITPOINT WARNING * * *
The 14-headed hydra bites you!
* * * LOW HITPOINT WARNING * * *
The 14-headed hydra closely misses you. The 14-headed hydra bites you!
You die...

#.#
#.........#
###.#
#.#.#####.#
##.
#.##.#.......#
##"}
#.#.#.###.#.#
.)# #.'.....#
)[ ##.#.###.#
#(##.##...
#D#.#######
#@## +##


You could see a 14-headed hydra.

Vanquished Creatures
  A cyclops (D:8)
  A troll (D:7)
  Grinder (D:5)
  A hornet (D:7)
  A wyvern (D:8)
  Eustachio (D:4)
  A steam dragon (D:7)
  A water moccasin (D:5)
  An orc warrior (D:6)
  3 sky beasts
  A hornet zombie (Ossuary)
  2 ice beasts
  2 ogres
  3 phantoms
  A centaur (D:8)
  A kobold brigand (D:8)
  6 bullfrogs
  2 scorpions (D:7)
  2 gnoll sergeants
  5 wyvern zombies (Ossuary)
  3 water moccasin zombies (Ossuary)
  8 wights
  2 electric eels (D:6)
  3 howler monkeys (D:5)
  2 centaur zombies (Ossuary)
  2 bullfrog zombies (Ossuary)
  2 jellies
  4 hounds
  12 mummies (Ossuary)
  6 orc priests
  2 gnoll boudas
  5 sleepcaps
  Ijyb (D:3)
  Terence (D:3)
  3 iguanas
  5 orc wizards
  4 killer bee zombies (Ossuary)
  25 gnolls
  3 howler monkey zombies (Ossuary)
  9 adders
  A shadow imp (D:6)
  A worm (D:2)
  A dart slug (D:2)
  54 orcs
  7 endoplasms
  3 giant cockroaches
  4 hobgoblins
  12 jackals
  8 kobolds
  6 quokkas
  4 ball pythons
  7 bats
  9 frilled lizards
  7 goblins
  5 rats
268 creatures vanquished.

Notes
Turn   | Place    | Note
-------+----------+-------------------------------------------
     0 | D:1      | Graphine the Merfolk Monk began the quest for the Orb.
     0 | D:1      | Reached XP level 1. HP: 18/18 MP: 1/1
   110 | D:1      | Reached XP level 2. HP: 24/24 MP: 2/2
   601 | D:2      | Reached XP level 3. HP: 20/30 MP: 3/3
   821 | D:2      | Reached XP level 4. HP: 16/37 MP: 4/4
   829 | D:2      | Reached skill level 5 in Dodging
  1560 | D:3      | Noticed Terence
  1589 | D:3      | Killed Terence
  1687 | D:3      | Found a broken altar of Ashenzari.
  1861 | D:3      | Reached XP level 5. HP: 43/43 MP: 5/5
  1933 | D:3      | Found a shimmering altar of Xom.
  2421 | D:3      | Became a worshipper of Ashenzari the Shackled
  2525 | D:3      | Noticed Ijyb
  2539 | D:3      | Killed Ijyb
  2540 | D:3      | Reached skill level 5 in Long Blades
  2676 | D:4      | Found Elissif's Assorted Antiques.
  2707 | D:4      | Noticed a phantom
  2717 | D:4      | Killed a phantom
  2725 | D:4      | Reached XP level 6. HP: 4/50 MP: 6/6
  2726 | D:4      | Reached skill level 6 in Dodging
  2901 | D:4      | Reached skill level 5 in Fighting
  2942 | D:4      | Noticed Eustachio
  2971 | D:4      | Killed Eustachio
  3163 | D:4      | Reached XP level 7. HP: 53/56 MP: 7/7
  3518 | D:4      | Reached skill level 7 in Dodging
  4156 | D:5      | Entered Level 5 of the Dungeon
  4156 | D:5      | Found a sparkling altar of Nemelex Xobeh.
  4161 | D:5      | Found a burning altar of Makhleb.
  4335 | D:5      | Found Jyt Ysasao's Armour Boutique.
  4335 | D:5      | Found Nalebe's Distillery.
  4382 | D:5      | Found Geimnoes's Armour Boutique.
  4383 | D:5      | Found Vanuddad's Assorted Antiques.
  4398 | D:5      | Bought a potion of degeneration for 13 gold pieces
  4403 | D:5      | Bought a +1 buckler of protection for 247 gold pieces
  4454 | D:5      | Found a staircase to the Ecumenical Temple.
  4477 | D:5      | Noticed Grinder
  4486 | D:5      | Killed Grinder
  4487 | D:5      | Reached skill level 8 in Dodging
  4487 | D:5      | Reached XP level 8. HP: 65/65 MP: 8/8
  4639 | D:5      | Identified the ring "Muva" {Will++ Int+6}
  4984 | D:5      | Reached skill level 9 in Dodging
  5425 | D:6      | Reached XP level 9. HP: 71/73 MP: 9/9
  5488 | D:6      | Found a white marble altar of Elyvilon.
  5798 | D:6      | Found a shimmering blue altar of Sif Muna.
  6182 | D:6      | Reached skill level 10 in Dodging
  6455 | D:7      | Found a sand-covered staircase.
  6470 | Ossuary  | Entered an ossuary
  6657 | Ossuary  | Reached skill level 10 in Long Blades
  6671 | Ossuary  | Reached skill level 11 in Dodging
  6677 | Ossuary  | Reached XP level 10. HP: 72/83 MP: 10/10
  7273 | D:7      | Found a blossoming altar of Fedhas.
  7306 | D:7      | Found the +18 Lear's hauberk
  7316 | D:7      | Reached skill level 10 in Fighting
  7368 | D:7      | Reached skill level 12 in Dodging
  7850 | D:7      | Learned a level 2 spell: Wereblood
  7851 | D:7      | Gained mutation: You are robust. (+10% HP) [potion of
                  | mutation]
  7851 | D:7      | Gained mutation: Your natural rate of healing is unusually
                  | fast. [potion of mutation]
  7960 | D:8      | Reached skill level 1 in Transmutations
  7969 | D:8      | Reached skill level 1 in Spellcasting
  8020 | D:8      | Noticed an eight-headed hydra
  8023 | D:8      | Noticed a cyclops
  8028 | D:8      | Killed a cyclops
  8038 | D:8      | Mangled by a 14-headed hydra

Illustrated notes

Levels and vault maps discovered:
D:1:      minmay_arrival_cross, layout_basic, minmay_vboxes
D:2:      layout_loops_ring, st_stairs_8, minivault_5, minmay_guardbox
D:3:      layout_basic, lemuel_doored_altar, nicolae_ashenzari_panopticon,
          uniq_terence, uniq_ijyb
D:4:      layout_cave_pods, serial_shops, shop, uniq_eustachio
D:5:      lemuel_castle_with_subvaults [lemuel_castle_interior_carwin_1],
          layout_cave_pools, mainiacjoe_overflow_small_starburst,
          amcnicky_altar_gilded, minmay_temple_entry_proselytizer, nrook_uturn,
          minmay_shop_grid_forest, uniq_grinder
D:6:      layout_basic, lemuel_coloured_pillars_altar, lemuel_round_altar,
          serial_bayou, serial_bayou_pond_c, serial_bayou_shore_b,
          serial_bayou_pond_d, serial_bayou_shore_b, serial_bayou_ford_a
D:7:      layout_loops_ring, kennysheep_mini, enter_ossuary_1,
          hellmonk_guarded_unrand_lears
D:8:      minmay_the_grid_plus_closed [minmay_the_grid_odd_star,
          minmay_the_grid_holed_spiral, minmay_the_grid_plusring,
          minmay_the_grid_broken_lines, minmay_the_grid_prize_diamond_cup],
          layout_basic, enter_bailey_7, uniq_maggie

Skill      XL: |  1  2  3  4  5  6  7  8  9 10 |
---------------+-------------------------------+-----
Long Blades    | 4 5 6 7 8 10 11 | 11.5
Fighting       | 4 5 6 7 9 10 | 10.5
Dodging        | 5 6 8 9 11 12 | 12.4
Transmutations | 2 |  2.6
Spellcasting   | 1 |  1.8

Action                     |  1- 3 |  4- 6 |  7- 9 | 10-12 || total
---------------------------+-------+-------+-------+-------++-------
  Melee: Falchion          |    87 |   128 |   479 |   163 ||   857
         Tailslap          |       |       |    23 |     2 ||    25
         Long sword        |       |       |       |    49 ||    49
  Throw: Boomerang         |       |       |       |     2 ||     2
         Dart              |       |       |       |     1 ||     1
  Evoke: Wand              |       |       |     5 |     4 ||     9
    Use: Scroll            |     3 |     8 |     9 |     4 ||    24
         Potion            |       |     2 |     4 |     2 ||     8
   Stab: Distracted        |       |       |     1 |       ||     1
         Sleeping          |       |       |     3 |     1 ||     4
 Armour: Robe              |    14 |    57 |    83 |    40 ||   194
  Dodge: Dodged            |    62 |   182 |   374 |   180 ||   798
  Block: Buckler           |       |       |   120 |    93 ||   213
